 Dungeon Crawl Stone Soup version 0.30.1-11-g7821555f0a (webtiles) character file.

Game seed: 13854399493065845980

56045 Martska the Warrior (level 14, -1/135 HPs)
             Began as a Minotaur Fighter on Dec 3, 2023.
             Was a High Priest of the Shining One.
             Slain by a dire elephant (9 damage)
             ... on level 5 of the Lair of Beasts.
             The game lasted 00:40:38 (14942 turns).

Martska the Warrior (Minotaur Fighter)             Turns: 14942, Time: 00:40:38

Health: -1/135     AC: 16    Str: 26    XL:     14   Next: 40%
Magic:  19/19      EV: 23    Int:  5    God:    the Shining One [*****.]
Gold:   1280       SH:  5    Dex: 16    Spells: 13/13 levels left

rFire   . . .        L - +3 hand axe
rCold   . . .        c - +0 buckler
rNeg    + + .        I - +0 swamp dragon scales
rPois   +            D - +2 hat
rElec   .            Z - +1 cloak {rPois}
rCorr   .            (no gloves)
SInv    .            m - +0 pair of boots
Will    +....        y - amulet of regeneration
Stlth   +            l - +6 ring of dexterity
HPRegen 1.22/turn    g - +5 ring of evasion
MPRegen 0.16/turn

%: no passive effects
@: about to teleport, glowing, very slow
A: horns 2, retaliatory headbutt
a: Renounce Religion, Divine Shield, Cleansing Flame, Summon Divine Warrior


You were on level 5 of the Lair of Beasts.
You worshipped the Shining One.
The Shining One was extremely pleased with you.
You visited 4 branches of the dungeon, and saw 18 of its levels.

You collected 1644 gold pieces.
You spent 364 gold pieces at shops.

Inventory:

Hand Weapons
 a - a +0 battleaxe
 d - a +0 shortbow of flaming
 f - a +2 whip of venom
 i - a +2 vampiric hand axe
 L - a +3 hand axe (weapon)
Armour
 c - a +0 buckler (worn)
 m - a +0 pair of boots (worn)
 D - a +2 hat (worn)
 I - +0 swamp dragon scales (worn)
 Q - a +0 troll leather armour
 Z - a +1 cloak of poison resistance (worn)
Jewellery
 g - a +5 ring of evasion (right hand)
 h - an amulet of the acrobat
 l - a +6 ring of dexterity (left hand)
 y - an amulet of regeneration (around neck)
 C - a +6 ring of dexterity
 N - a ring of see invisible
 S - an amulet of regeneration
 U - an amulet of reflection
 W - a ring of ice
Wands
 b - a wand of quicksilver (4)
 E - a wand of flame (45)
 H - a wand of roots (11)
 J - a wand of mindburst (50)
 T - a wand of digging (12)
 V - a wand of charming (4)
Scrolls
 e - 2 scrolls of fog
 n - 7 scrolls of teleportation
 o - 3 scrolls of immolation
 p - 4 scrolls of amnesia
 u - 4 scrolls of magic mapping
 x - 2 scrolls of enchant weapon
 z - a scroll of noise {unknown}
 A - 4 scrolls of fear
 B - 2 scrolls of silence
 K - a scroll of enchant armour {unknown}
 R - 2 scrolls of torment {unknown}
Potions
 j - 5 potions of flight
 k - 7 potions of curing
 q - 2 potions of degeneration {unknown}
 r - a potion of berserk rage {unknown}
 w - 2 potions of heal wounds
 F - 2 potions of invisibility {unknown}
 G - 4 potions of mutation {unknown}
 M - a potion of lignification {unknown}
 O - a potion of cancellation {unknown}
 P - a potion of brilliance {unknown}
 X - 2 potions of resistance {unknown}


   Skills:
 * Level 15.1 Fighting
 * Level 14.8 Axes
 - Level 11.0 Armour
 * Level 13.4 Dodging
 - Level 3.6 Shields
 - Level 8.0 Invocations
 + Level 7.8 Evocations


You had 13 spell levels left.
You didn't know any spells.
Your spell library contained the following spells:

 Spells                   Type           Power      Damage    Failure   Level
 Kiss of Death            Conj/Necr      0%         2d5       65%         1
 Poisonous Vapours        Pois/Air       0%         N/A       78%         2
 Confusing Touch          Hex            0%         N/A       95%         3
 Mephitic Cloud           Conj/Pois/Air  0%         N/A       95%         3
 Vhi's Electric Charge    Tloc/Air       0%         N/A       95%         3
 Volatile Blastmotes      Fire/Tloc      0%         2d10      95%         3
 Animate Dead             Necr           0%         N/A       100%        4
 Dispel Undead            Necr           0%         3d6       100%        4
 Fulminant Prism          Conj/Hex       0%         3d5       100%        4
 Iskenderun's Mystic Bla  Conj/Tloc      0%         2d3       100%        4
 Alistair's Intoxication  Tmut/Pois      0%         N/A       100%        5
 Arcjolt                  Conj/Air       0%         1d10      100%        5
 Borgnjor's Vile Clutch   Necr/Erth      0%         N/A       100%        5
 Fireball                 Conj/Fire      0%         3d3       100%        5
 Freezing Cloud           Conj/Ice/Air   0%         6-21      100%        5
 Iskenderun's Battlesphe  Conj           0%         2d6       100%        5
 Lee's Rapid Deconstruct  Erth           0%         3d4*      100%        5
 Conjure Ball Lightning   Conj/Air       0%         3x3d6     100%        6
 Death Channel            Necr           0%         N/A       100%        6
 Eringya's Noxious Bog    Tmut/Pois      0%         N/A       100%        6
 Orb of Destruction       Conj           0%         9d5       100%        7
 Maxwell's Capacitive Co  Air            0%         ∞         100%        8


Dungeon Overview and Level Annotations

Branches:
Dungeon (10/15)            Temple (1/1) D:4            Lair (5/5) D:9
  Swamp (0/4) Lair:3        Snake (0/4) Lair:2        Slime (0/5) Lair:4
    Orc (2/2) D:10            Elf (0/3) Orc:2

Altars:
Ashenzari
Cheibriados
Dithmenos
Elyvilon
Fedhas
Gozag
Hepliaklqana
Kikubaaqudgha
Makhleb
Nemelex Xobeh
Okawaru
Qazlal
Ru
Sif Muna
Trog
Uskayaw
Vehumet
Wu Jian
Xom
Yredelemnul
Zin
The Shining One
Jiyva

Shops:
D:7 *   Orc:2 (:!?

Portals:
Bailey: D:8

Annotations:
Lair:3 exclusion: orange crystal statue
Lair:5 exclusion: obsidian statue


Innate Abilities, Weirdness & Mutations

You have a pair of horns on your head.
You reflexively headbutt those who attack you in melee.


Message History

Unknown command.
As you read the scroll of teleportation, it crumbles to dust.
You feel strangely unstable. The dire elephant barely misses you.
You furiously retaliate!
You headbutt the dire elephant.
The dire elephant completely misses you.
The dire elephant barely misses you. The dire elephant trunk-slaps you.
You block the dire elephant's attack. The dire elephant closely misses you.
The dire elephant splashes around in the water.
The dire elephant completely misses you.
Your unstable footing causes you to fumble your attack.
The dire elephant completely misses you.
You furiously retaliate!
You headbutt the dire elephant!
The dire elephant completely misses you.
The dire elephant barely misses you. You block the dire elephant's attack.
The dire elephant misses you. The dire elephant trunk-slaps you.
You slash the dire elephant!
The dire elephant is severely wounded.
You hit the dire elephant but do no damage.
You hit the dire elephant.
You hit the dire elephant but do no damage.
The dire elephant closely misses you. You furiously retaliate!
You headbutt the dire elephant! The dire elephant misses you.
The dire elephant tramples you but does no damage.
The dire elephant barely misses you.
You hit the dire elephant but do no damage.
The dire elephant is severely wounded.
You hit the dire elephant but do no damage.
You hit the dire elephant.
You hit the dire elephant but do no damage.
The dire elephant tramples you but does no damage.
The dire elephant completely misses you.
The dire elephant tramples you!!
You hold your ground!
The dire elephant misses you. The dire elephant tramples you!!
* * * LOW HITPOINT WARNING * * *
You hold your ground!
The dire elephant trunk-slaps you!
* * * LOW HITPOINT WARNING * * *
Your unstable footing causes you to fumble your attack.
The dire elephant tramples you but does no damage.
The dire elephant trunk-slaps you!
You die...

####### ##.#.#.. ###.....P.
#......... #......... #####
#########''#''####
#8P.P8##@Y.##8....#..8#
#:"...'YYY..'....P#...#
#$$..)'≈≈≈~.#8.####.#.#
#8...8#≈≈≈≈.####†...#+#
#######.~~~~#....#### #
##8.8###P~###.####
#####8.⌠.8#####P.P###♣♣# #
................###....♣##
.♣########'''########♣.......♣###


You could see 4 dire elephants.

Vanquished Creatures
  An ettin (Orc:2)
  7 hydras
  5 ogre magi
  A catoblepas (Lair:3)
  13 two-headed ogres
  5 death yaks (Lair:5)
  Urug (Lair:4)
  A spectral anaconda (Lair:5)
  A deep elf pyromancer (D:10)
  A necromancer (Lair:5)
  A wolf spider (Lair:4)
  An ugly thing (D:10)
  2 orc sorcerers
  An orc knight (Orc:2)
  A cyclops (D:8)
  A salamander (Lair:2)
  7 elephants
  4 black mambas
  Maurice (D:10)
  Maggie (D:6)
  A gargoyle (D:10)
  10 cane toads
  9 rime drakes
  Psyche (D:10)
  5 komodo dragons
  2 polar bears
  2 tyrant leeches (Lair:3)
  5 hornets
  10 blink frogs
  2 trolls (D:9)
  A raiju (D:10)
  Prince Ribbit (D:5)
  3 slime creatures (D:8)
  A dire elephant simulacrum (Lair:5)
  4 wyverns
  40 yaks
  A wraith (D:9)
  3 fire elementals (D:10)
  3 basilisks
  A warg (Orc:2)
  2 acid dragons
  13 water moccasins
  4 black bears
  3 sky beasts
  6 orc warriors
  2 ice beasts (D:6)
  32 ogres
  5 wolves (Lair:3)
  A phantom (D:4)
  3 centaurs
  A kobold brigand (D:7)
  5 bullfrogs
  3 scorpions
  10 wights
  2 howler monkeys
  3 lava snakes (Lair:2)
  A hound (D:4)
  4 jellies
  5 orc priests
  8 iguanas
  12 orc wizards
  30 adders
  A shadow imp (D:7)
  2 white imps
  6 worms
  A dart slug (D:3)
  75 orcs
  15 ball pythons
  5 endoplasms
  A giant cockroach (D:3)
  8 goblins
  11 hobgoblins
  5 jackals
  2 quokkas
  A bat (D:2)
  10 frilled lizards
  13 kobolds
  A rat (D:3)
473 creatures vanquished.

Notes
Turn   | Place    | Note
-------+----------+-------------------------------------------
     0 | D:1      | Martska the Minotaur Fighter began the quest for the Orb.
     0 | D:1      | Reached XP level 1. HP: 19/19 MP: 0/0
   214 | D:1      | Reached XP level 2. HP: 27/27 MP: 1/1
   246 | D:1      | Reached skill level 1 in Dodging
   249 | D:1      | Reached skill level 4 in Fighting
   728 | D:2      | Reached XP level 3. HP: 33/33 MP: 2/2
   947 | D:2      | Reached XP level 4. HP: 36/41 MP: 3/3
  1091 | D:2      | Reached XP level 5. HP: 47/47 MP: 4/4
  1211 | D:2      | Found a faded altar of an unknown god.
  1547 | D:3      | Reached skill level 5 in Fighting
  1744 | D:3      | Found a white marble altar of Elyvilon.
  2217 | D:4      | Reached skill level 5 in Armour
  2256 | D:4      | Reached XP level 6. HP: 54/56 MP: 5/5
  2264 | D:4      | Found a staircase to the Ecumenical Temple.
  2284 | Temple   | Entered the Ecumenical Temple
  2325 | Temple   | Became a worshipper of the Shining One
  2933 | D:4      | Reached skill level 5 in Axes
  2933 | D:4      | Reached XP level 7. HP: 62/62 MP: 6/6
  2996 | D:4      | Reached skill level 6 in Fighting
  3282 | D:5      | Entered Level 5 of the Dungeon
  3412 | D:5      | Noticed Prince Ribbit
  3421 | D:5      | Killed Prince Ribbit
  3475 | D:5      | Reached skill level 5 in Dodging
  3475 | D:5      | Reached XP level 8. HP: 71/71 MP: 7/7
  3770 | D:6      | Reached skill level 7 in Fighting
  3821 | D:6      | Found a stormy altar of Qazlal.
  3825 | D:6      | Found a glowing silver altar of Zin.
  3925 | D:6      | Noticed a hornet
  3929 | D:6      | Killed a hornet
  4213 | D:6      | Noticed Maggie
  4215 | D:6      | Found a shimmering blue altar of Sif Muna.
  4230 | D:6      | Killed Maggie
  4231 | D:6      | Reached skill level 8 in Fighting
  4231 | D:6      | Reached XP level 9. HP: 38/81 MP: 8/8
  4416 | D:6      | Reached * piety under the Shining One
  4595 | D:7      | Found Mapuej's Serpentskin Sales.
  4634 | D:7      | Found a hazy altar of Hepliaklqana.
  4792 | D:7      | Found a shimmering altar of Xom.
  5441 | D:7      | Reached skill level 9 in Fighting
  5702 | D:8      | Noticed a cyclops
  5712 | D:8      | Killed a cyclops
  5713 | D:8      | Reached XP level 10. HP: 75/91 MP: 9/9
  5890 | D:8      | Found a blossoming altar of Fedhas.
  5996 | D:8      | Found a flagged portal.
  6078 | D:8      | Found a sacrificial altar of Ru.
  6398 | D:8      | Found a bloodstained altar of Trog.
  6398 | D:8      | Found a shadowy altar of Dithmenos.
  6398 | D:8      | Found a radiant altar of Vehumet.
  6419 | D:9      | Noticed a two-headed ogre
  6445 | D:9      | Killed a two-headed ogre
  6446 | D:9      | Reached skill level 10 in Fighting
  6446 | D:9      | Reached skill level 10 in Armour
  6486 | D:9      | Found a staircase to the Lair.
  6613 | D:9      | Reached skill level 10 in Axes
  6645 | D:9      | Reached ** piety under the Shining One
  7015 | Lair:1   | Entered Level 1 of the Lair of Beasts
  7034 | D:9      | Reached XP level 11. HP: 101/101 MP: 10/10
  7136 | Lair:1   | Reached skill level 11 in Fighting
  7136 | Lair:1   | Reached skill level 1 in Invocations
  7136 | Lair:1   | Reached skill level 1 in Evocations
  7785 | Lair:2   | Noticed a seven-headed hydra
  7786 | Lair:2   | Noticed a five-headed hydra
  7962 | Lair:1   | Killed a five-headed hydra
  8057 | Lair:2   | Found a staircase to the Snake Pit.
  8133 | Lair:2   | Reached skill level 10 in Dodging
  8162 | Lair:2   | Noticed a five-headed hydra
  8299 | Lair:3   | Noticed a catoblepas
  8299 | Lair:3   | Reached *** piety under the Shining One
  8310 | Lair:3   | Killed a catoblepas
  8311 | Lair:3   | Reached skill level 12 in Fighting
  8351 | Lair:3   | Reached XP level 12. HP: 112/112 MP: 14/14
  8436 | Lair:2   | Killed a five-headed hydra
  8541 | Lair:2   | Killed an eight-headed hydra
  8542 | Lair:2   | Reached skill level 5 in Invocations
  9524 | Lair:3   | Found a staircase to the Swamp.
  9801 | Lair:4   | Reached skill level 5 in Evocations
  9995 | Lair:4   | Noticed a six-headed hydra
 10382 | Lair:4   | Found a viscous altar of Jiyva.
 10382 | Lair:4   | Found a staircase to the Slime Pits.
 10516 | Lair:4   | Reached skill level 13 in Fighting
 10578 | Lair:4   | Killed a six-headed hydra
 10741 | Lair:4   | Noticed Urug
 10751 | Lair:4   | Killed Urug
 10975 | Lair:4   | Reached XP level 13. HP: 120/122 MP: 16/16
 11210 | Lair:5   | Entered Level 5 of the Lair of Beasts
 11621 | D:10     | Entered Level 10 of the Dungeon
 11641 | D:10     | Reached **** piety under the Shining One
 11719 | D:10     | Noticed Psyche
 11726 | D:10     | Killed Psyche
 11845 | D:10     | Noticed Maurice
 11865 | D:10     | Killed Maurice
 12453 | D:10     | Found a staircase to the Orcish Mines.
 12465 | Orc:1    | Entered Level 1 of the Orcish Mines
 12480 | Orc:1    | Paralysed by an ogre mage for 5 turns
 12624 | Orc:2    | Entered Level 2 of the Orcish Mines
 12642 | Orc:2    | Noticed an ettin
 13126 | Orc:2    | Killed an ettin
 13198 | Orc:2    | Found a staircase to the Elven Halls.
 13235 | Orc:2    | Paralysed by an orc sorcerer for 2 turns
 13545 | Orc:2    | Reached ***** piety under the Shining One
 13552 | Orc:2    | Reached skill level 14 in Fighting
 13658 | Orc:2    | Paralysed by an ogre mage for 4 turns
 13679 | Orc:2    | Found Memamala's Book Shop.
 13679 | Orc:2    | Found Lumia's Magic Scroll Shoppe.
 13680 | Orc:2    | Found Vyczorghi's Antique Weapon Emporium.
 13680 | Orc:2    | Found Jeory's Distillery.
 13791 | Orc:2    | Bought a potion of heal wounds for 60 gold pieces
 13792 | Orc:2    | Bought a scroll of fear for 68 gold pieces
 13792 | Orc:2    | Bought a scroll of identify for 34 gold pieces
 13792 | Orc:2    | Bought a scroll of identify for 34 gold pieces
 13800 | Orc:2    | Bought a glowing hand axe for 168 gold pieces
 13818 | Orc:2    | Reached XP level 14. HP: 133/133 MP: 19/19
 14843 | Lair:5   | Reached skill level 15 in Fighting
 14942 | Lair:5   | Slain by a dire elephant

Illustrated notes

Levels and vault maps discovered:
D:1:      matt_arrival_spirals, layout_rooms
D:2:      layout_basic, hellmonk_ecumenical_altar_leap_of_faith,
          minmay_snake_closets
D:3:      layout_basic, mainiacjoe_overflow_concentric_impassable,
          minmay_misc_feat_tower, moated_statue, minmay_misc_feat_secret_circle
D:4:      minmay_thinvault, layout_cave_pools, minmay_temple_entry_large_hall
D:5:      layout_basic, serial_corexii_hall, corexii_hall_statues_l,
          chequers_hall_statues_wall_a, minmay_statues_item, uniq_prince_ribbit1
D:6:      layout_gridville, lemuel_coloured_pillars_altar,
          grunt_temple_overflow_open, uniq_maggie
D:7:      layout_basic, overflow_temple_1_default, mainiacjoe_overflow_24_doors,
          guppyfry_shop_venom
D:8:      minmay_diamond_stairs, layout_loops_ring, fedhas_altar_4,
          nicolae_ru_awakened_eye, gammafunk_temple_overflow_claw,
          enter_bailey_2
D:9:      layout_small_grid, dpeg_oklobed_lair
D:10:     layout_loops_cross, orc_0_dummy, dilly_guarded_unrand_elemental_staff,
          uniq_maurice, uniq_psyche
Temple:   hellmonk_temple_of_storms
Lair:1:   layout_gridlike, grunt_forest_small_clearing_treed,
          infiniplex_staircase_pool
Lair:2:   layout_roguey, nicolae_snake_entry_warm_welcome, lemuel_fruit_fields,
          grunt_megastairs_5
Lair:3:   layout_regular_city, minmay_swamp_entry_worms, disabler_island
Lair:4:   minmay_lair_venomous_thicket, layout_regular_city, slime_entry_1,
          beast_lair_carwin_5, uniq_urug
Lair:5:   due_jungle_book, layout_gridlike, minivault_19, grunt_megastairs_4
Orc:1:    layout_diamond_mine
Orc:2:    st_orc_ogre_mass, layout_caves

Skill      XL: |  1  2  3  4  5  6  7  8  9 10 11 12 13 14 |
---------------+-------------------------------------------+-----
Dodging        | 1 2 3 5 6 7 9 10 11 12 13 | 13.4
Fighting       | 4 5 6 8 9 10 12 13 14 15 | 15.1
Armour         | 4 5 6 8 9 10 11 | 11.0
Axes           | 3 4 5 6 7 9 10 11 12 14 | 14.8
Invocations    | 4 6 8 |  8.0
Evocations     | 3 5 7 |  7.8
Shields        | |  3.6

Action                     |  1- 3 |  4- 6 |  7- 9 | 10-12 | 13-15 || total
---------------------------+-------+-------+-------+-------+-------++-------
  Melee: Whip              |    67 |   192 |   247 |   285 |    21 ||   812
         War axe           |     4 |       |       |   234 |    52 ||   290
         Headbutt          |     6 |    37 |    78 |   178 |   196 ||   495
         Hand axe          |       |       |       |       |   449 ||   449
         Unarmed           |       |       |       |       |     2 ||     2
 Invoke: Divine Shield     |       |       |       |     1 |     2 ||     3
  Evoke: Wand              |       |       |       |     6 |     3 ||     9
    Use: Scroll            |       |       |     1 |    10 |    11 ||    22
         Potion            |       |       |       |     2 |     4 ||     6
 Armour: Scale mail        |    37 |    53 |    47 |       |       ||   137
         Swamp dragon scal |       |       |    22 |   144 |    85 ||   251
  Dodge: Dodged            |    30 |   103 |   126 |   529 |   415 ||  1203
  Block: Buckler           |    13 |    49 |    48 |   126 |   119 ||   355
